 Dungeon Crawl Stone Soup version 0.17-a0-1637-g5d65775 (webtiles) character file.

15 MiaIshata the Caller (level 2, -10/15 HPs)
             Began as a Deep Elf Summoner on Aug 7, 2015.
             Was a Follower of Ashenzari.
             Mangled by Sigmund
             ... wielding a +0 scythe
              (15 damage)
             ... on level 2 of the Dungeon.
             The game lasted 00:07:52 (1255 turns).

MiaIshata the Caller (Deep Elf Summoner)            Turns: 1255, Time: 00:07:52

Health: -10/15     AC:  3    Str:  5    XL:     2   Next: 34%
Magic:  4/8        EV: 13    Int: 19    God:    Ashenzari [*.....]
Gold:   70         SH:  0    Dex: 15    Spells: 1 memorised, 6 levels left

rFire  . . .     SeeInvis .     (no weapon)
rCold  . . .     Clarity  .     a - +0 robe
rNeg   . . .     SustAt   .     (no shield)
rPois  .         Gourm    .     (no helmet)
rElec  .         Spirit   .     d - +0 cloak
rCorr  .         Warding  .     (no gloves)
rMut   .         Stasis   .     (no boots)
MR     .....                    (no amulet)
Stlth  ++........               (no ring)
                                (no ring)

@: very slightly contaminated, not resistant to hostile enchantments, unstealthy
A: no striking features
a: Scrying, Renounce Religion


You were on level 2 of the Dungeon.
You worshipped Ashenzari.
Ashenzari was aware of your devotion.
You were not hungry.

You visited 1 branch of the dungeon, and saw 2 of its levels.

You collected 70 gold pieces.

Inventory:

Armour
 a - a +0 robe (worn)
 d - a +0 cloak (worn)
Potions
 e - a potion of flight
Books
 b - a book of Callings

   Spells                             Type                      Level
   a - Summon Small Mammal            Summoning                    1
   b - Call Imp                       Summoning                    2
   c - Call Canine Familiar           Summoning                    3
   d - Summon Guardian Golem          Hexes/Summoning              3
   e - Summon Lightning Spire         Summoning/Air                4
   f - Summon Ice Beast               Ice/Summoning                4
Comestibles
 c - a bread ration
 f - a meat ration
 g - 2 beef jerkies


   Skills:
 + Level 2.4 Dodging
 + Level 2.4 Stealth
 * Level 3.4 Spellcasting
 * Level 4.9 Summonings


You had 6 spell levels left.
You knew the following spells:

 Your Spells              Type           Power        Failure   Level  Hunger
a - Summon Small Mammal   Summ           ###.         1%          1    None


Dungeon Overview and Level Annotations

Branches:
Dungeon (2/15)

Altars:
Ashenzari

Annotations:
D:2 Sigmund


Message History

Casting: Summon Small Mammal
Confirm with . or Enter, or press ? or * to list all spells.
You don't know that spell.
What do you say? t - Shout!
Orders for allies: a - Attack new target. r - Retreat! s - Stop attacking. w - Wait here. f - Follow me.
Anything else - Stay silent.
Gang up on whom?
Press: ? - help, Dir - move target cursor There's nothing there!
Something barely misses your rat.
Your quokka barely misses something.
Your quokka closely misses something.
Your quokka closely misses something.
Something barely misses you.
Your quokka barely misses something.
Something hits you.
Your quokka bites something.
Your quokka closely misses something.
Something hits you!
Ouch! That really hurt!
You die...

####.#)###### #<.....÷.#
####...8...#
......8.8..#####
......8._.8(.÷..##
####...8.8..#..r.#
#....8.†......#
##............##
#.###..##..@rr# ...
#..#######.########.
....+...........r....)%..
#.. ###########.#...#####
#.#...# #.#...# #.....#
##....# #.##.#


You could see 3 friendly quokkas and a friendly rat.

Vanquished Creatures
  A hobgoblin (D:1)
  2 rats
3 creatures vanquished.

Vanquished Creatures (collateral kills)
  A worm (D:2)
  4 goblins
  3 hobgoblins
  3 bats
  3 kobolds
  3 rats (D:1)
17 creatures vanquished.

Grand Total: 20 creatures vanquished

Notes
Turn   | Place    | Note
--------------------------------------------------------------
     0 | D:1      | MiaIshata the Deep Elf Summoner began the quest for the Orb.
     0 | D:1      | Reached XP level 1. HP: 10/10 MP: 6/6
   918 | D:2      | Found a faded altar to an unknown god.
   934 | D:2      | Reached XP level 2. HP: 15/15 MP: 2/8
  1182 | D:2      | Became a worshipper of Ashenzari the Shackled
  1182 | D:2      | Acquired Ashenzari's first power
  1226 | D:2      | Noticed Sigmund
  1255 | D:2      | Mangled by Sigmund

Vault maps used:
D:1:      minmay_arrival_four_loops, serial_forest, infiniplex_forest_side_room,
          infiniplex_forest_zigzag_2, infiniplex_forest_lined_3,
          infiniplex_forest_lined_room_, infiniplex_forest_lined_1,
          infiniplex_forest_clump_medium
D:2:      first_bread, ecumenical_altar_2, uniq_sigmund

Action                   || total
-------------------------++-------
Melee: Unarmed           ||    20
 Cast: Summon Small Mamm ||    41
  Use: Scroll            ||     5
       Potion            ||     1
 Stab: Sleeping          ||     1
  Eat: Meat ration       ||     1
